 Dungeon Crawl Stone Soup version 0.17.0-28-g6e173f8 (webtiles) character file.

60 coffecat the Firebug (level 3, 0/22 HPs)
             Began as a High Elf Fire Elementalist on Dec 1, 2015.
             Slain by a giant frog (5 damage)
             ... on level 3 of the Dungeon.
             The game lasted 00:16:12 (2422 turns).

coffecat the Firebug (High Elf Fire Elementalist)   Turns: 2422, Time: 00:16:12

Health: 0/22       AC:  5    Str:  7    XL:     3   Next: 82%
Magic:  6/8        EV: 10    Int: 19    God:
Gold:   96         SH:  0    Dex: 16    Spells: 2 memorised, 4 levels left

rFire  . . .     SeeInvis .     n - +0 mace
rCold  . . .     Clarity  .     w - +0 ring mail
rNeg   . . .     SustAt   .     (no shield)
rPois  .         Gourm    .     (no helmet)
rElec  .         Spirit   .     (no cloak)
rCorr  .         Warding  .     (no gloves)
rMut   .         Stasis   .     (no boots)
MR     .....                    (no amulet)
Stlth  +.........               (no ring)
                                d - ring of flight

@: not resistant to hostile enchantments, very unstealthy
A: no striking features
a: Evoke Flight


You were on level 3 of the Dungeon.
You were hungry.

You visited 1 branch of the dungeon, and saw 4 of its levels.

You collected 96 gold pieces.

Inventory:

Hand Weapons
 h - a +0 whip
 n - a +0 mace (weapon)
Missiles
 e - 33 stones (quivered)
Armour
 a - a +0 robe
 v - a +0 leather armour
 w - a +0 ring mail (worn)
Jewellery
 d - a ring of flight (left hand)
 q - a cursed -2 ring of protection {unknown}
 t - an uncursed ring of poison resistance {unknown}
Wands
 x - a wand of random effects (18)
Scrolls
 f - a scroll of remove curse {unknown}
 g - 2 scrolls of magic mapping {unknown}
 k - 4 scrolls of identify {unknown}
 s - a scroll of recharging {unknown}
 y - a scroll of immolation {unknown}
Potions
 i - a potion of lignification {unknown}
 j - 3 potions of heal wounds {unknown}
 l - a potion of poison {unknown}
 o - 3 potions of curing {unknown}
 r - 2 potions of might {unknown}
 u - a potion of beneficial mutation {unknown}
Books
 b - a book of Flames

   Spells                             Type                      Level
   a - Flame Tongue                   Conjuration/Fire             1
   b - Throw Flame                    Conjuration/Fire             2
   c - Conjure Flame                  Conjuration/Fire             3
   d - Inner Flame                    Hexes/Fire                   3
   e - Sticky Flame                   Conjuration/Fire             4
   f - Fireball                       Conjuration/Fire             5
Comestibles
 c - 3 bread rations
 m - 2 slices of pizza
 p - 2 meat rations


   Skills:
 * Level 0.8 Fighting
 + Level 0.4 Maces & Flails
 + Level 0.6 Throwing
 + Level 2.7 Dodging
 - Level 2.1 Stealth
 + Level 3.2 Spellcasting
 + Level 1.3 Conjurations
 + Level 3.4 Fire Magic


You had 4 spell levels left.
You knew the following spells:

 Your Spells              Type           Power        Failure   Level  Hunger
a - Flame Tongue          Conj/Fire      ##...        21%         1    None
b - Inner Flame           Hex/Fire       #.......     78%         3    ###....


Dungeon Overview and Level Annotations

Branches:
Dungeon (4/15)
 Temple: D:4-7

Altars:
Ru
Zin


Message History

* * * LOW HITPOINT WARNING * * *
You climb upwards.
A worm comes into view.
The bat closely misses you.
There is a stone staircase leading down here.
The bat closely misses you.
The giant frog hits you but does no damage.
The giant frog closely misses you. The bat hits you but does no damage.
The bat hits you but does no damage. The bat closely misses you. x2
The bat barely misses you. The bat barely misses you.
The giant frog barely misses you. The bat hits you but does no damage. x2
The bat barely misses you.
The giant frog hits you but does no damage.
The bat completely misses you. The bat barely misses you.
The bat barely misses you. The giant frog hits you.
You die...

#...#.. ..# #..###.## ##
#...#.# #..# ##.###.
####...#.## #..###...#.. #.
#.........######..##.....##
##.#
#.............†...##..####
...###.............)..###..#
#...#..#..................#
#...........bF##########.##
#......w...##.@........#.
#.#..#.#....############.#
#.....>...#..........†...#
###..#)#..##############.#
#(......# #.# #.......# #.#
..#.##.### #.# ##.#(#... ###
#.#.#..## #_#


You could see a giant frog and a bat.

Vanquished Creatures
  An adder (D:4)
  An ooze (D:3)
  A giant gecko (D:2)
  An orc (D:3)
  6 bats
  4 goblins
  3 hobgoblins
  2 jackals (D:2)
  8 kobolds
  2 quokkas (D:2)
  3 ball pythons
  A giant cockroach (D:2)
  5 giant newts
  8 rats
46 creatures vanquished.

Notes
Turn   | Place    | Note
--------------------------------------------------------------
     0 | D:1      | coffecat the High Elf Fire Elementalist began the quest for the Orb.
     0 | D:1      | Reached XP level 1. HP: 11/11 MP: 4/4
   525 | D:1      | Reached XP level 2. HP: 17/17 MP: 4/6
  1490 | D:2      | Reached XP level 3. HP: 18/22 MP: 0/8
  1699 | D:2      | Found a glowing silver altar of Zin.
  2289 | D:3      | Found a sacrificial altar of Ru.
  2330 | D:3      | Learned a level 3 spell: Inner Flame
  2397 | D:4      | Noticed a giant frog
  2422 | D:3      | Slain by a giant frog

Action                   || total
-------------------------++-------
Melee: Whip              ||    10
       Mace              ||    44
Throw: Stone             ||    70
 Cast: Flame Tongue      ||    54
 Stab: Sleeping          ||     1
  Eat: Chunk             ||     4
